 Dungeon Crawl Stone Soup version 0.29.0-4-gdea44cf6ec (webtiles) character file.

Game seed: 5687311114537429581

21513 qw the Cleaver (level 12, -9/76 HPs)
             Began as a Gargoyle Fighter on Sept 10, 2022.
             Was a High Priest of Okawaru.
             Mangled by a bog body (16 damage)
             ... on level 2 of the Lair of Beasts.
             The game lasted 00:04:59 (14108 turns).

qw the Cleaver (Gargoyle Fighter)                  Turns: 14108, Time: 00:05:00

Health: -9/76      AC: 32    Str: 24    XL:     12   Next: 90%
Magic:  19/19      EV: 12    Int: 10    God:    Okawaru [*****.]
Gold:   908        SH: 12    Dex:  9    Spells: 11/11 levels left

rFire   . . .      SeeInvis .   Y - +0 broad axe
rCold   . . .      Faith    .   j - +0 kite shield
rNeg    + . .      Spirit   .   t - +0 plate armour
rPois   inf        Reflect  .   (no helmet)
rElec   +          Harm     .   (no cloak)
rCorr   .          Rampage  .   u - +0 pair of gloves
Will    .....                   a - +0 pair of boots {Fly}
Stlth   ..........              c - amulet of regeneration
HPRegen 1.02/turn               f - +4 ring of evasion
MPRegen 0.16/turn               s - +4 ring of protection

@: heroic, flying, slowed, very slow
A: sickness immunity, AC +8, negative energy resistance 1, electricity
resistance, torment resistance 1, petrification resistance
a: Renounce Religion, Heroism, Finesse, Duel


You were on level 2 of the Lair of Beasts.
You worshipped Okawaru.
Okawaru was extremely pleased with you.
You visited 3 branches of the dungeon, and saw 13 of its levels.

You collected 908 gold pieces.


Innate Abilities, Weirdness & Mutations

You are immune to sickness and miasma.
Your stone body is resilient. (AC +8)
You are immune to poison.
You resist negative energy. (rN+)
You are resistant to electric shocks. (rElec)
You are resistant to unholy torment.
You are immune to petrification.


   Skills:
 - Level 9.0(14.0) Fighting
 - Level 12.1(17.1) Axes
 - Level 1.0(6.0) Throwing
 + Level 8.4(13.4) Armour
 - Level 2.3(7.3) Dodging
 - Level 10.4(15.4) Shields
 - Level 10.0 Invocations


You had 11 spell levels left.
You didn't know any spells.
Your spell library was empty.

Inventory:

Hand Weapons
 o - a +3 morningstar
 Y - a +0 broad axe (weapon)
Missiles
 p - 4 boomerangs (quivered)
Armour
 a - a +0 pair of boots of flying (worn)
 g - a +1 chain mail of positive energy
 j - a +0 kite shield (worn)
 t - a +0 plate armour (worn)
 u - a +0 pair of gloves (worn)
Jewellery
 c - an amulet of regeneration (around neck)
 f - a +4 ring of evasion (left hand)
 s - a +4 ring of protection (right hand)
Scrolls
 h - 2 scrolls of teleportation
 i - 3 scrolls of identify
 v - a scroll of blinking
Potions
 b - 2 potions of magic
 d - 3 potions of might
 e - a potion of lignification
 k - 4 potions of curing
 l - a potion of resistance
 n - 3 potions of heal wounds
 r - 3 potions of haste

Dungeon Overview and Level Annotations

Branches:
Dungeon (10/15)            Temple (1/1) D:6            Lair (2/5) D:10
  Swamp (0/4) Lair:2        Snake (0/4) Lair:2
    Orc: D:9-12

Altars:
Ashenzari
Cheibriados
Dithmenos
Elyvilon
Fedhas
Gozag
Hepliaklqana
Kikubaaqudgha
Makhleb
Nemelex Xobeh
Okawaru
Qazlal
Ru
Sif Muna
Trog
Uskayaw
Vehumet
Wu Jian
Xom
Yredelemnul
Zin
The Shining One

Shops:
D:7 (

Annotations:
D:3 2 transporters, qw's ghost, amateur GrFi


Message History

The bog body is moderately damaged.
You slash the swamp worm! The bog body closely misses you.
The swamp worm bites you but does no damage.
You hit the swamp worm.
The swamp worm is moderately wounded.
You completely miss the bog body. You block the swamp worm's attack.
You block the bog body's attack.
You barely miss the swamp worm.
The swamp worm is moderately wounded.
You closely miss the bog body.
The swamp worm bites you but does no damage.
The bog body points at you and mumbles some strange words.
You feel yourself slow down.
You miss the swamp worm.
The swamp worm is moderately wounded.
You hit the bog body.
The swamp worm bites you but does no damage.
The bog body barely misses you. The swamp worm misses you.
You slash the swamp worm!
The swamp worm is severely wounded.
You closely miss the bog body.
The bog body gestures at you while chanting.
The bolt of cold hits you but does no damage.
The swamp worm bites you but does no damage.
You block the swamp worm's attack. The bog body touches you!
The bog body freezes you!!
You slash the swamp worm!
You kill the swamp worm!
Okawaru accepts your kill.
You slash the bog body! The bog body misses you.
You barely miss the bog body.
The bog body is heavily damaged.
You block the bog body's attack.
You barely miss the bog body.
The bog body is heavily damaged.
The bog body touches you. The bog body freezes you!! The bog body touches you!
The bog body freezes you!
You die...

..?#.........+..............##.##
.............#...................
?..............}}..........#%.##.
...P..........7..7..........#.###
...###P#P#+...7..7.........####
##.## ###.#.77..77........# ###.#
#..#.7~..~7.##.P...# # ###
##...7~..~7.####..## ########
#...7~7@~7...##..#
#......###.#.7~.n~7....>.########
##......#..77777.~77..P.###......
.#.P....#.## ~..777....##..#####
...........# 7~..~77...###### #.
..P.......## 7~..~77....# ##
#.........# 7~7.~ 7...## #
#........## 7~..7777...#########
##........# 7~..ยค7 ##...##..##.#


You could see a bog body.

Vanquished Creatures
  3 two-headed ogres
  13 death yaks
  2 bog bodies (Lair:2)
  A black mamba (Lair:2)
  A cane toad (Lair:2)
  A komodo dragon (Lair:2)
  A rime drake (Lair:2)
  A polar bear (Lair:2)
  A hornet (D:9)
  3 shadows
  4 wyverns
  A wraith (D:10)
  A vampire (D:10)
  5 yaks (Lair:2)
  2 basilisks (Lair:2)
  A steam dragon (D:8)
  A swamp worm (Lair:2)
  15 water moccasins
  An orc warrior (D:7)
  3 black bears
  2 sky beasts
  7 ogres
  17 wolves (Lair:2)
  3 centaurs (D:9)
  2 phantoms
  4 kobold brigands
  6 bullfrogs
  3 necrophages
  A gnoll sergeant (D:6)
  2 scorpions
  10 wights
  5 killer bees (D:10)
  An electric eel (D:7)
  3 howler monkeys
  6 hounds
  A jelly (D:8)
  3 orc priests (D:4)
  2 gnoll boudas
  4 iguanas (D:5)
  Jessica (D:2)
  2 orc wizards (D:7)
  4 hell rats (Lair:1)
  10 gnolls
  11 adders
  2 shadow imps
  2 ufetubi
  2 worms (D:2)
  3 dart slugs
  9 orcs
  9 ball pythons
  3 bats
  4 endoplasms
  2 giant cockroaches (D:2)
  12 goblins
  6 hobgoblins
  12 jackals
  2 quokkas
  4 frilled lizards
  16 kobolds
  5 rats
264 creatures vanquished.

Vanquished Creatures (others)
  An angel (D:6)
  9 fungi (Lair:2)
  18 plants (Lair:2)
28 creatures vanquished.

Grand Total: 292 creatures vanquished

Notes
Turn   | Place    | Note
-------+----------+-------------------------------------------
     0 | D:1      | qw the Gargoyle Fighter began the quest for the Orb.
     0 | D:1      | Reached XP level 1. HP: 14/14 MP: 1/1
     0 | D:1      | 0 ||| qw: Version: 0.1-a-116-g5d60599
     0 | D:1      | 0 ||| qw: Game counter: 7616
     0 | D:1      | 0 ||| qw: Always use a shield: true
     0 | D:1      | 0 ||| qw: God list: Okawaru
     0 | D:1      | 0 ||| qw: Allow faded altars: false
     0 | D:1      | 0 ||| qw: Do Orc after D:15 true
     0 | D:1      | 0 ||| qw: Do second Lair branch before Depths: true
     0 | D:1      | 0 ||| qw: Lair rune preference: random
     0 | D:1      | 0 ||| qw: Plans: Normal, Zot, God:TSO, Crypt, Tomb, Zig,
                  | Orb
     0 | D:1      | 0 ||| PLANNING D:1-11
   108 | D:1      | Reached skill level 2 in Axes
   111 | D:1      | 111 ||| Stepping ~*~*~tactically~*~*~ (stealth).
   173 | D:1      | Reached XP level 2. HP: 19/19 MP: 2/2
   477 | D:1      | 477 ||| Stepping ~*~*~tactically~*~*~ (stealth).
   490 | D:1      | 490 ||| Stepping ~*~*~tactically~*~*~ (hiding).
   492 | D:1      | 492 ||| Stepping ~*~*~tactically~*~*~ (hiding).
   633 | D:1      | 633 ||| DROPPING +0 club.
   859 | D:1      | Reached skill level 3 in Axes
  1029 | D:1      | 1029 ||| READING scroll labelled NUSIAM PUEGEWN.
  1029 | D:1      | Identified a scroll of acquirement
  1029 | D:1      | 1029 ||| ACQUIRING +0 pair of boots of flying
  1029 | D:1      | Acquired a +0 pair of boots of flying
  1031 | D:1      | 1031 ||| UPGRADING to +0 pair of boots of flying.
  1036 | D:1      | 1036 ||| READING scroll labelled CEMACWAELL.
  1074 | D:2      | Reached XP level 3. HP: 23/23 MP: 3/3
  1238 | D:2      | 1238 ||| Stepping ~*~*~tactically~*~*~ (stealth).
  1426 | D:2      | Noticed Jessica
  1427 | D:2      | 1427 ||| Stepping ~*~*~tactically~*~*~ (hiding).
  1433 | D:2      | Killed Jessica
  1434 | D:2      | Reached skill level 4 in Axes
  1434 | D:2      | Reached XP level 4. HP: 21/28 MP: 4/4
  1788 | D:2      | 1788 ||| Stepping ~*~*~tactically~*~*~ (hiding).
  2234 | D:2      | 2234 ||| UPGRADING to +4 ring of evasion.
  2235 | D:2      | 2235 ||| READING scroll labelled KORAAR DILAY.
  2336 | D:3      | Reached XP level 5. HP: 31/32 MP: 5/5
  2500 | D:3      | Found a transporter.
  2503 | D:3      | Noticed qw's ghost (amateur GrFi)
  2531 | D:3      | Found a transporter.
  2533 | D:3      | 2533 ||| Stepping ~*~*~tactically~*~*~ (hiding).
  2779 | D:3      | 2779 ||| Stepping ~*~*~tactically~*~*~ (stealth).
  2782 | D:3      | 2782 ||| Stepping ~*~*~tactically~*~*~ (stealth).
  2874 | D:3      | Noticed a phantom
  3072 | D:3      | 3072 ||| UPGRADING to ring of willpower.
  3121 | D:4      | Reached skill level 5 in Axes
  3129 | D:4      | Reached XP level 6. HP: 14/38 MP: 6/6
  3361 | D:4      | Reached skill level 1 in Dodging
  3411 | D:4      | 3411 ||| Stepping ~*~*~tactically~*~*~ (stealth).
  3433 | D:4      | HP: 8/38 [orc/+0 trident (5)]
  3436 | D:4      | HP: 2/38 [orc/+0 trident (6)]
  3441 | D:4      | HP: 2/38 [orc/+0 trident (1)]
  3466 | D:4      | HP: 4/38 [kobold/+0 dagger (1)]
  3467 | D:4      | HP: 1/38 [kobold/+0 dagger (3)]
  3790 | D:4      | 3790 ||| DROPPING +0 mace.
  3853 | D:4      | Reached skill level 6 in Axes
  3853 | D:4      | Reached XP level 7. HP: 40/43 MP: 7/7
  4054 | D:4      | HP: 7/43 [ogre/+0 giant spiked club (21)]
  4771 | D:4      | 4771 ||| Stepping ~*~*~tactically~*~*~ (hiding).
  4783 | D:4      | Reached skill level 7 in Axes
  5154 | D:4      | 5154 ||| DROPPING orb of mayhem.
  5155 | D:4      | 5155 ||| UPGRADING to +0 pair of gloves.
  5160 | D:4      | 5160 ||| READING scroll labelled GEBAL YSY LEI.
  5161 | D:4      | 5161 ||| READING scroll labelled HARATU EM ZEA.
  5162 | D:4      | 5162 ||| READING scroll labelled PAORA IGYNTIN.
  5167 | D:4      | 5167 ||| DRINKING 4 sedimented silvery potions.
  5168 | D:4      | 5168 ||| DRINKING 2 clear potions.
  5269 | D:4      | 5269 ||| DROPPING potion of ambrosia.
  5303 | D:5      | Entered Level 5 of the Dungeon
  5413 | D:5      | Reached XP level 8. HP: 49/49 MP: 8/8
  5517 | D:5      | 5517 ||| Stepping ~*~*~tactically~*~*~ (hiding).
  5637 | D:5      | 5637 ||| DROPPING +0 flail.
  5689 | D:5      | 5689 ||| Stepping ~*~*~tactically~*~*~ (stealth).
  5696 | D:5      | 5696 ||| Stepping ~*~*~tactically~*~*~ (stealth).
  5929 | D:5      | Reached skill level 8 in Axes
  6547 | D:5      | 6547 ||| UPGRADING to +0 ring mail of cold resistance.
  6557 | D:5      | 6557 ||| DROPPING ring of ice.
  6558 | D:5      | 6558 ||| UPGRADING to +4 ring of protection.
  6560 | D:5      | 6560 ||| DROPPING +6 ring of intelligence.
  6561 | D:5      | 6561 ||| DROPPING ring of willpower.
  6562 | D:5      | 6562 ||| READING scroll labelled IXZOUS UROSODE.
  6619 | D:5      | 6619 ||| READING scroll labelled EDIOCI GUNTEVE.
  6620 | D:5      | 6620 ||| READING scroll labelled OGOUPN XAEKYMU.
  6621 | D:5      | 6621 ||| READING 3 scrolls of identify.
  6621 | D:5      | 6621 ||| IDENTIFYING fizzy ruby potion
  6622 | D:5      | 6622 ||| READING 2 scrolls of identify.
  6622 | D:5      | 6622 ||| IDENTIFYING brown potion
  6623 | D:5      | 6623 ||| DROPPING potion of flight.
  6650 | D:6      | Reached skill level 6 in Fighting
  6948 | D:6      | Reached skill level 9 in Axes
  6982 | D:6      | Reached XP level 9. HP: 26/55 MP: 9/9
  7171 | D:6      | 7171 ||| Stepping ~*~*~tactically~*~*~ (stealth).
  7183 | D:6      | 7183 ||| Stepping ~*~*~tactically~*~*~ (stealth).
  7847 | D:6      | Found a sparkling altar of Nemelex Xobeh.
  8040 | D:6      | Found a shimmering altar of Xom.
  8040 | D:6      | Found a glowing silver altar of Zin.
  8040 | D:6      | Noticed an angel
  8116 | D:6      | Reached skill level 10 in Axes
  8244 | D:6      | Found a staircase to the Ecumenical Temple.
  8245 | D:6      | 8245 ||| PLANNING TEMPLE
  8245 | D:6      | 8245 ||| DROPPING +0 scale mail.
  8246 | D:6      | 8246 ||| UPGRADING to +2 buckler.
  8256 | D:6      | 8256 ||| DROPPING +0 buckler.
  8257 | D:6      | 8257 ||| UPGRADING to +0 chain mail.
  8267 | D:6      | 8267 ||| DROPPING +0 ring mail of cold resistance.
  8268 | D:6      | 8268 ||| DROPPING +6 ring of strength.
  8269 | D:6      | 8269 ||| READING 2 scrolls of identify.
  8269 | D:6      | 8269 ||| IDENTIFYING fuming brown potion
  8278 | Temple   | Entered the Ecumenical Temple
  8467 | Temple   | 8467 ||| PLANNING D:1-11
  8501 | Temple   | Became a worshipper of Warmaster Okawaru
  8617 | D:6      | Killed an angel
  8893 | D:7      | Found a broken altar of Ashenzari.
  8904 | D:7      | 8904 ||| Stepping ~*~*~tactically~*~*~ (hiding).
  8906 | D:7      | 8906 ||| Stepping ~*~*~tactically~*~*~ (hiding).
  9015 | D:7      | Found a radiant altar of Vehumet.
  9228 | D:7      | 9228 ||| Stepping ~*~*~tactically~*~*~ (stealth).
  9230 | D:7      | 9230 ||| Stepping ~*~*~tactically~*~*~ (stealth).
  9237 | D:7      | 9237 ||| Stepping ~*~*~tactically~*~*~ (stealth).
  9238 | D:7      | 9238 ||| Stepping ~*~*~tactically~*~*~ (stealth).
  9243 | D:7      | Reached * piety under Okawaru
  9264 | D:7      | Found an ornate altar of the Wu Jian Council.
  9283 | D:7      | Reached skill level 1 in Invocations
  9317 | D:7      | Reached skill level 1 in Throwing
  9344 | D:7      | Found a flagged portal.
  9352 | D:7      | 9352 ||| DROPPING +4 vorpal hand axe.
  9366 | D:7      | Found a shimmering blue altar of Sif Muna.
  9369 | D:7      | 9369 ||| INVOKING Heroism.
  9370 | D:7      | Found a hide-covered altar of Uskayaw.
  9625 | D:7      | Found Hutijuug's Weapon Emporium.
  9704 | D:7      | 9704 ||| UPGRADING to +0 kite shield.
  9714 | D:7      | 9714 ||| DROPPING +2 buckler.
  9715 | D:7      | 9715 ||| UPGRADING to +0 plate armour.
  9725 | D:7      | 9725 ||| DROPPING +0 chain mail.
  9726 | D:7      | 9726 ||| UPGRADING to amulet of regeneration.
  9731 | D:7      | 9731 ||| READING scroll labelled CEHI YNOROD.
  9885 | D:8      | Reached XP level 10. HP: 63/64 MP: 11/11
  9886 | D:8      | 9886 ||| Stepping ~*~*~tactically~*~*~ (hiding).
  9887 | D:8      | 9887 ||| Stepping ~*~*~tactically~*~*~ (hiding).
  9889 | D:8      | 9889 ||| INVOKING Heroism.
  9901 | D:8      | Reached skill level 3 in Invocations
  9923 | D:8      | 9923 ||| SWAPPING to +2 war axe of freezing.
  9924 | D:8      | 9924 ||| DROPPING +1 war axe.
  9927 | D:8      | 9927 ||| DROPPING +3 flail of holy wrath.
  9931 | D:8      | 9931 ||| DROPPING +0 morningstar.
  9975 | D:8      | 9975 ||| INVOKING Heroism.
 10029 | D:8      | Identified the +5 scale mail of Unambiguity {Harm Regen+}
 10040 | D:8      | Identified the +0 ring mail of Anamm {rF+ rN++}
 10144 | D:8      | 10144 ||| INVOKING Heroism.
 10146 | D:8      | 10146 ||| Stepping ~*~*~tactically~*~*~ (cloud).
 10147 | D:8      | 10147 ||| Stepping ~*~*~tactically~*~*~ (cloud).
 10171 | D:8      | 10171 ||| Stepping ~*~*~tactically~*~*~ (stealth).
 10270 | D:8      | Found a bloodstained altar of Trog.
 10471 | D:8      | 10471 ||| DROPPING +4 ring of slaying {mikee}.
 10472 | D:8      | 10472 ||| DROPPING ring of positive energy.
 10473 | D:8      | 10473 ||| READING scroll labelled RAKHUN RUKIFY.
 10474 | D:8      | 10474 ||| READING 2 scrolls labelled ZISKUSSACSUPP.
 10475 | D:8      | 10475 ||| READING scroll labelled KANUAW XYICH.
 10527 | D:9      | 10527 ||| Stepping ~*~*~tactically~*~*~ (hiding).
 10528 | D:9      | 10528 ||| Stepping ~*~*~tactically~*~*~ (hiding).
 10530 | D:9      | 10530 ||| Stepping ~*~*~tactically~*~*~ (hiding).
 10673 | D:9      | Noticed a two-headed ogre
 10674 | D:9      | 10674 ||| INVOKING Heroism.
 10677 | D:9      | Reached skill level 6 in Shields
 10681 | D:9      | Killed a two-headed ogre
 10681 | D:9      | Reached ** piety under Okawaru
 11080 | D:9      | 11080 ||| Stepping ~*~*~tactically~*~*~ (stealth).
 11083 | D:9      | 11083 ||| Stepping ~*~*~tactically~*~*~ (stealth).
 11084 | D:9      | Noticed a two-headed ogre
 11085 | D:9      | 11085 ||| Stepping ~*~*~tactically~*~*~ (hiding).
 11086 | D:9      | 11086 ||| INVOKING Heroism.
 11093 | D:9      | Killed a two-headed ogre
 11093 | D:9      | Reached *** piety under Okawaru
 11094 | D:9      | Reached skill level 6 in Armour
 11225 | D:9      | 11225 ||| READING scroll labelled KITHEU ENAH.
 11242 | D:10     | Entered Level 10 of the Dungeon
 11242 | D:10     | Noticed a death yak
 11243 | D:10     | 11243 ||| INVOKING Heroism.
 11244 | D:10     | 11244 ||| Stepping ~*~*~tactically~*~*~ (stealth).
 11263 | D:10     | Killed a death yak
 11263 | D:10     | Reached **** piety under Okawaru
 11264 | D:10     | Reached skill level 9 in Shields
 11264 | D:10     | Reached XP level 11. HP: 66/68 MP: 14/14
 11268 | D:10     | Noticed a death yak
 11268 | D:10     | Noticed a death yak
 11268 | D:10     | Noticed a death yak
 11268 | D:10     | Noticed a death yak
 11268 | D:10     | Noticed a death yak
 11269 | D:10     | 11269 ||| INVOKING Heroism.
 11270 | D:10     | Noticed a death yak
 11281 | D:10     | Killed a death yak
 11284 | D:10     | 11284 ||| INVOKING Heroism.
 11290 | D:10     | Killed a death yak
 11299 | D:10     | Killed a death yak
 11310 | D:10     | Killed a death yak
 11310 | D:10     | Reached ***** piety under Okawaru
 11310 | D:10     | Received a gift from Okawaru
 11311 | D:10     | Reached skill level 6 in Invocations
 11311 | D:10     | 11311 ||| INVOKING Finesse.
 11312 | D:10     | 11312 ||| INVOKING Finesse.
 11317 | D:10     | Killed a death yak
 11324 | D:10     | 11324 ||| INVOKING Heroism.
 11333 | D:10     | Killed a death yak
 11380 | D:10     | Found a staircase to the Lair.
 11486 | D:10     | 11486 ||| DRINKING 2 potions of curing.
 11486 | D:10     | 11486 ||| (to cure confusion)
 11535 | D:10     | Found a burning altar of Makhleb.
 11968 | D:10     | Found a sacrificial altar of Ru.
 11999 | D:10     | Reached skill level 11 in Axes
 12022 | D:10     | Noticed a two-headed ogre
 12023 | D:10     | 12023 ||| INVOKING Heroism.
 12033 | D:10     | Killed a two-headed ogre
 12279 | D:10     | 12279 ||| PLANNING LAIR
 12279 | D:10     | 12279 ||| READING 3 scrolls of identify.
 12279 | D:10     | 12279 ||| IDENTIFYING inky potion
 12280 | D:10     | 12280 ||| READING 2 scrolls of identify.
 12280 | D:10     | 12280 ||| IDENTIFYING fizzy purple potion
 12317 | Lair:1   | Entered Level 1 of the Lair of Beasts
 12457 | Lair:1   | 12457 ||| SWAPPING to +0 broad axe.
 12459 | Lair:1   | 12459 ||| INVOKING Heroism.
 12473 | Lair:1   | 12473 ||| DROPPING +2 war axe of freezing.
 12520 | Lair:1   | Received a gift from Okawaru
 12845 | Lair:1   | 12845 ||| READING scroll labelled PISATE VIETE.
 12846 | Lair:1   | 12846 ||| READING scroll labelled ROIGACH NUYCIA.
 12847 | Lair:1   | 12847 ||| DRINKING 2 viscous green potions.
 12848 | Lair:1   | 12848 ||| DROPPING potion of degeneration.
 12854 | Lair:2   | 12854 ||| Stepping ~*~*~tactically~*~*~ (hiding).
 12855 | Lair:2   | 12855 ||| INVOKING Heroism.
 12868 | Lair:2   | Reached XP level 12. HP: 72/73 MP: 16/18
 12883 | Lair:2   | 12883 ||| Stepping ~*~*~tactically~*~*~ (stealth).
 12930 | Lair:2   | 12930 ||| Stepping ~*~*~tactically~*~*~ (stealth).
 12931 | Lair:2   | Found a staircase to the Snake Pit.
 12932 | Lair:2   | 12932 ||| Stepping ~*~*~tactically~*~*~ (stealth).
 12938 | Lair:2   | 12938 ||| INVOKING Heroism.
 12957 | Lair:2   | Reached skill level 9 in Invocations
 13014 | Lair:2   | 13014 ||| INVOKING Heroism.
 13090 | Lair:2   | 13090 ||| Stepping ~*~*~tactically~*~*~ (stealth).
 13091 | Lair:2   | 13091 ||| INVOKING Heroism.
 13099 | Lair:2   | Reached skill level 9 in Fighting
 13147 | Lair:2   | 13147 ||| Stepping ~*~*~tactically~*~*~ (stealth).
 13156 | Lair:2   | 13156 ||| Stepping ~*~*~tactically~*~*~ (stealth).
 13157 | Lair:2   | Noticed a death yak
 13158 | Lair:2   | 13158 ||| Stepping ~*~*~tactically~*~*~ (stealth).
 13159 | Lair:2   | Noticed a death yak
 13160 | Lair:2   | 13160 ||| INVOKING Heroism.
 13165 | Lair:2   | Noticed a death yak
 13166 | Lair:2   | 13166 ||| INVOKING Finesse.
 13166 | Lair:2   | Noticed a death yak
 13169 | Lair:2   | Noticed a death yak
 13172 | Lair:2   | Noticed a death yak
 13180 | Lair:2   | 13180 ||| Stepping ~*~*~tactically~*~*~ (stealth).
 13192 | Lair:2   | Killed a death yak
 13199 | Lair:2   | Killed a death yak
 13200 | Lair:2   | HP: 13/76 [death yak (11)]
 13201 | Lair:2   | 13201 ||| READING 3 scrolls of teleportation.
 13202 | Lair:2   | 13202 ||| DRINKING 5 potions of heal wounds.
 13203 | Lair:2   | 13203 ||| DRINKING 4 potions of heal wounds.
 13206 | Lair:2   | Found a staircase to the Swamp.
 13214 | Lair:2   | HP: 17/76 [bog body/bolt of cold (10)]
 13215 | Lair:2   | 13215 ||| READING 2 scrolls of teleportation.
 13216 | Lair:2   | 13216 ||| DRINKING 3 potions of heal wounds.
 13217 | Lair:2   | 13217 ||| INVOKING Heroism.
 13382 | Lair:2   | 13382 ||| INVOKING Heroism.
 13384 | Lair:2   | 13384 ||| INVOKING Finesse.
 13386 | Lair:2   | 13386 ||| Stepping ~*~*~tactically~*~*~ (stealth).
 13387 | Lair:2   | 13387 ||| Stepping ~*~*~tactically~*~*~ (stealth).
 13400 | Lair:2   | Killed a death yak
 13404 | Lair:2   | 13404 ||| Stepping ~*~*~tactically~*~*~ (stealth).
 13439 | Lair:2   | Killed a death yak
 13445 | Lair:2   | Killed a death yak
 13445 | Lair:2   | Received a gift from Okawaru
 13446 | Lair:2   | Reached skill level 12 in Axes
 13446 | Lair:2   | Killed a death yak
 13467 | Lair:2   | 13467 ||| DROPPING +0 vorpal broad axe.
 13580 | Lair:2   | 13580 ||| Stepping ~*~*~tactically~*~*~ (stealth).
 13582 | Lair:2   | 13582 ||| INVOKING Heroism.
 13626 | Lair:2   | 13626 ||| INVOKING Heroism.
 14096 | Lair:2   | 14096 ||| INVOKING Heroism.
 14108 | Lair:2   | HP: 17/76 [bog body (23)]
 14108 | Lair:2   | HP: 7/76 [bog body (10)]
 14108 | Lair:2   | Mangled by a bog body

Levels and vault maps discovered:
D:1:      minmay_arrival_wavy_path, layout_basic
D:2:      layout_basic, chequers_decorated_corner,
          chequers_serial_rivers_micro_e, kennysheep_generic_room_13,
          uniq_jessica
D:3:      layout_basic, gammafunk_ghost_mausoleum
D:4:      layout_basic, grunt_ministairs_9, item_on_display_a
D:5:      layout_loops_ring
D:6:      layout_loops_corners, grunt_temple_overflow_order_and_chaos_1,
          mainiacjoe_overflow_24_doors, lemuel_temple_firewalk_b
D:7:      layout_basic, evilmike_ruin_ashenzari,
          pdpol_wu_jian_five_deadly_venoms, mainiacjoe_overflow_six_doors_small,
          nicolae_overflow_squiral, serial_shops, shop_statue, enter_bailey_2
D:8:      layout_cave_pools, lemuel_doored_altar, minmay_misc_feat_nine_boxes,
          kennysheep_generic_room_6
D:9:      layout_loops_ring
D:10:     layout_loops_corners, lightli_temple_of_fire,
          nicolae_ru_path_of_blood, dpeg_lair_monsters
Temple:   minmay_temple_curvy_loop
Lair:1:   layout_hall_layers
Lair:2:   layout_roguey, nicolae_swamp_entry_splash_gauntlet,
          minmay_snake_entry_six_corridors, minivault_19,
          chequers_serial_rivers_room_b, lemuel_fruit_fields

Skill      XL: |  1  2  3  4  5  6  7  8  9 10 11 12 |
---------------+-------------------------------------+-----
Axes           | 2 3 4 5 6 7 9 10 11 12 | 12.1
Fighting       | 4 5 6 8 9 |  9.0
Dodging        | 1 2 |  2.3
Shields        | 4 9 10 | 10.4
Armour         | 5 6 7 8 |  8.4
Invocations    | 2 4 8 10 | 10.0
Throwing       | 1 |  1.0

Action                   |  1- 3 |  4- 6 |  7- 9 | 10-12 || total
-------------------------+-------+-------+-------+-------++-------
Melee: War axe           |    89 |   163 |   378 |   233 ||   863
       Broad axe         |       |       |       |   310 ||   310
Throw: Boomerang         |       |       |     3 |    71 ||    74
Invok: Heroism           |       |       |     1 |    21 ||    22
       Finesse           |       |       |       |     3 ||     3
  Use: Scroll            |     2 |     1 |    10 |    10 ||    23
       Potion            |       |       |     2 |     5 ||     7
Armor: Scale mail        |    49 |    69 |    26 |       ||   144
       Ring mail         |       |       |    69 |       ||    69
       Chain mail        |       |       |    36 |       ||    36
       Plate armour      |       |       |     1 |   245 ||   246
Dodge: Dodged            |    38 |    93 |   233 |   217 ||   581
Block: Buckler           |    16 |    28 |    68 |       ||   112
       Kite shield       |       |       |       |   279 ||   279

Table legend:
 A = Non-vault XP
 B = Vault XP
 C = Vault XP percentage of total XP
 D = Non-vault monster count
 E = Vault monster count
 F = Vault count percentage of total count
                 A         B        C        D         E       F
            +---------+---------+-------+---------+---------+-------
      Total |   21698 |    9035 |  29.4 |     242 |      22 |   8.3
            +---------+---------+-------+---------+---------+-------
        D:1 |      32 |       0 |   0.0 |      18 |       0 |   0.0
        D:2 |      82 |      37 |  31.1 |      25 |       1 |   3.8
        D:3 |      56 |       0 |   0.0 |      19 |       0 |   0.0
        D:4 |     688 |     126 |  15.5 |      29 |       2 |   6.5
        D:5 |     678 |       0 |   0.0 |      16 |       0 |   0.0
        D:6 |    1796 |       0 |   0.0 |      27 |       0 |   0.0
        D:7 |    1147 |       0 |   0.0 |      20 |       0 |   0.0
        D:8 |     708 |     251 |  26.2 |      11 |       2 |  15.4
        D:9 |    2946 |       0 |   0.0 |      16 |       0 |   0.0
       D:10 |    2186 |    5700 |  72.3 |      11 |       7 |  38.9
     Lair:1 |    1295 |       0 |   0.0 |      13 |       0 |   0.0
     Lair:2 |   10084 |    2921 |  22.5 |      37 |      10 |  21.3
            +---------+---------+-------+---------+---------+-------
